 Dungeon Crawl Stone Soup version 0.30-a0-718-geaa24f58ff (webtiles) character file.

Game seed: 13016078963758905899

22100 freelancePsychic the Destroyer (level 12, -1/107 (108) HPs)
             Began as a Demigod Conjurer on Jan 26, 2023.
             Killed from afar by a rime drake (9 damage)
             ... with an icy flash freeze
             ... on level 3 of the Lair of Beasts.
             The game lasted 00:33:08 (17204 turns).

freelancePsychic the Destroyer (Demigod Conjurer)  Turns: 17204, Time: 00:33:09

HP:   -1/107 (108)  AC:  4    Str:  8    XL:     12   Next: 29%
MP:   14/21         EV: 11    Int: 36    God:
Gold: 604           SH:  0    Dex: 12    Spells: 2/19 levels left

rFire   + + .      SeeInvis +    b - staff of conjuration
rCold   + + +      Faith    .    (no shield)
rNeg    . . .      Spirit   .    n - +0 leather armour
rPois   +          Reflect  .    (no helmet)
rElec   +          Harm     .    E - scarf {rC+ rF+}
rCorr   .          Rampage  .    s - +0 pair of gloves
Will    .....                    (no boots)
Stlth   ++                       (no amulet)
HPRegen 0.37/turn                i - ring of protection from fire
MPRegen 0.17/turn                P - ring "Faist" {rElec rPois rC++ Will- SInv}

@: very slightly contaminated, lightly drained
A: high MP 1, forlorn, divine attributes
a: no special abilities


You were on level 3 of the Lair of Beasts.
You visited 3 branches of the dungeon, and saw 14 of its levels.
You also visited: Sewer, Bailey and Gauntlet.

You collected 829 gold pieces.
You spent 225 gold pieces at shops.

Inventory:

Hand Weapons
 a - a +2 demon whip of venom
 c - a +0 dagger
 r - the +7 arbalest "Kaxyehoi" {flame, *Corrode rF+ rC+ Int+2}
   (You found it on level 4 of the Dungeon)

   Int:       It affects your intelligence (+2).
   rF:        It protects you from fire.
   rC:        It protects you from cold.
   *Corrode:  It may corrode you when you take damage.
Armour
 n - a +0 leather armour (worn)
 s - a +0 pair of gloves (worn)
 D - a +1 cloak
 E - a scarf of resistance (worn)
 Q - a +0 robe
Magical Staves
 b - a staff of conjuration (weapon)
 h - a staff of earth
Jewellery
 i - a ring of protection from fire (left hand)
 j - a ring of fire
 w - a +6 ring of dexterity
 J - a +4 ring of protection
 P - the ring "Faist" (right hand) {rElec rPois rC++ Will- SInv}
   (You found it in a Gauntlet)

   [ring of see invisible]

   rC:        It greatly protects you from cold.
   rElec:     It insulates you from electricity.
   rPois:     It protects you from poison.
   SInv:      It lets you see invisible.
   Will:      It decreases your willpower.
Wands
 d - a wand of acid (12)
 B - a wand of digging (5)
 G - a wand of flame (28)
 H - a wand of polymorph (17)
 K - a wand of iceblast (10)
 M - a wand of mindburst (10)
Scrolls
 e - 4 scrolls of teleportation {@r4}
 f - 7 scrolls of fog
 g - 2 scrolls of butterflies
 m - a scroll of silence
 o - 2 scrolls of torment
 t - 5 scrolls of blinking
 v - 3 scrolls of amnesia
 y - 2 scrolls of immolation
 N - 2 scrolls of enchant armour
 S - a scroll of magic mapping
Potions
 l - 2 potions of haste {@q3}
 p - a potion of berserk rage
 q - 3 potions of curing {@q1}
 u - 5 potions of heal wounds {@q2}
 x - 2 potions of lignification {unknown}
 z - 2 potions of degeneration {unknown}
 A - 2 potions of flight
 C - 9 potions of ambrosia
 F - 3 potions of resistance {unknown}
 I - a potion of might
 L - 5 potions of magic
 O - 3 potions of mutation {unknown}


   Skills:
 - Level 10.7 Fighting
 - Level 2.7 Ranged Weapons
 + Level 2.1 Dodging
 - Level 3.7 Stealth
 - Level 4.0 Spellcasting
 + Level 11.8 Conjurations
 - Level 4.2 Translocations
 - Level 5.8 Transmutations
 + Level 7.2 Earth Magic


You had 2 spell levels left.
You knew the following spells:

 Your Spells              Type           Power      Damage    Failure   Level
a - Iron Shot             Conj/Erth      42%        9d8       19%         6
b - Searing Ray           Conj           100%       2d8       1%          2
c - Iskenderun's Mystic   Conj/Tloc      78%        2d16      2%          4
h - Irradiate             Conj/Tmut      41%        3d25      4%          5

Your spell library contained the following spells:

 Spells                   Type           Power      Damage    Failure   Level
 Apportation              Tloc           74%        N/A       1%          1
 Magic Dart               Conj           100%       1d8       1%          1
 Momentum Strike          Conj/Tloc      100%       3d10      1%          2
 Static Discharge         Conj/Air       100%       2-7/arc   1%          2
 Necrotise                Necr           28%        1d5       6%          1
 Slow                     Hex            28%        N/A       6%          1
 Summon Small Mammal      Summ           28%        N/A       6%          1
 Poisonous Vapours        Pois/Air       14%        N/A       10%         2
 Dazzling Flash           Conj/Hex       100%       N/A       1%          3
 Gell's Gravitas          Tloc           37%        N/A       3%          3
 Mephitic Cloud           Conj/Pois/Air  52%        N/A       3%          3
 Teleport Other           Tloc           37%        N/A       3%          3
 Flame Wave               Conj/Fire      66%        2d15      5%          4
 Fulminant Prism          Conj/Hex       33%        3d16      5%          4
 Sticky Flame             Conj/Fire      66%        2d8       5%          4
 Vhi's Electric Charge    Tloc/Air       44%        N/A       8%          3
 Blade Hands              Tmut           24%        N/A       16%         5
 Fireball                 Conj/Fire      33%        3d14      16%         5
 Confusing Touch          Hex            7%         N/A       19%         3
 Inner Flame              Hex/Fire       7%         N/A       19%         3
 Ozocubu's Armour         Ice            7%         N/A       19%         3
 Vampiric Draining        Necr           7%         2d6       19%         3
 Summon Forest            Summ/Tloc      11%        N/A       58%         5
 Starburst                Conj/Fire      33%        6d10      63%         6
 Summon Mana Viper        Hex/Summ       7%         N/A       86%         5
 Dragon Form              Tmut           24%        N/A       99%         7
 Summon Cactus Giant      Summ           3%         N/A       100%        6
 Ozocubu's Refrigeration  Ice            3%         4d8       100%        7


Dungeon Overview and Level Annotations

Branches:
Dungeon (10/15)            Temple (1/1) D:5            Lair (3/5) D:10
  Swamp (0/4) Lair:2        Sewer (visited)          Bailey (visited)
Gauntlet (visited)
  Snake: Lair:2-3    Spider: Lair:2-3       Orc: D:9-12

Shops:
D:7 :   D:9 (

Annotations:
D:2 1 runed translucent door, Crazy Yiuf
D:3 2 runed translucent doors, BlueFish's ghost, amateur TeFE
D:4 exclusion: black bear
D:9 2 transporters, Maurice
Lair:1 exclusion: oklob plant, Grum


Innate Abilities, Weirdness & Mutations

You have an increased reservoir of magic. (+10% MP)
You shall have no god before yourself.
Your divine heritage dramatically boosts your attributes as you level up.


Message History

The wyvern bites you but does no damage.
The rime drake bites you. The basilisk bites you. The wyvern bites you!!
The rime drake breathes ice at you. The icy flash freeze hits you!
You partially resist.
You are encased in ice.
The wyvern bites you!
The hell rat bites you but does no damage.
The basilisk bites you but does no damage.
The wyvern bites you. The rime drake bites you. The hell rat bites you!
The basilisk bites you!
* * * LOW HITPOINT WARNING * * *
The wyvern bites you!
* * * LOW HITPOINT WARNING * * *
The rime drake bites you.
* * * LOW HITPOINT WARNING * * *
The hell rat bites you!
* * * LOW HITPOINT WARNING * * *
The wyvern bites you but does no damage.
A blink frog comes into view.
The basilisk bites you!
* * * LOW HITPOINT WARNING * * *
The rime drake bites you but does no damage.
The hell rat bites you!
* * * LOW HITPOINT WARNING * * *
You turn to flesh and can move again.
Unknown command.
Unknown command.
Unknown command.
Unknown command.
Unknown command.
As you read the scroll of fear, it crumbles to dust.
You assume a fearsome visage.
The basilisk looks frightened!
The wyvern looks frightened!
The basilisk resists with some effort.
The rime drake looks frightened!
The hell rat looks frightened!
The blink frog looks frightened!
The ice encasing you melts away.
The blink frog blinks!
The rime drake breathes ice at you. The icy flash freeze hits you!
You partially resist.
You die...

..............P.#.†.###....#
...^....§..................#
.......P.................#.#
............................
.......††.####......##.####
#.....<.#.##.......##.P.##
...........l...............
..#.P.....rk#.#.#P....P....
...........@l..........)...
........#.............#PP..
.............l.............
.#........###.#..#.#..###..
........................ .
.##..........#####.P....
#..........####P.###..#
.................... ...
.................##.


You could see 2 basilisks, a rime drake (fleeing, catching breath, misshapen), a
wyvern (fleeing) and a hell rat (fleeing).

Vanquished Creatures
  Snorg (D:10)
  2 vault guards (Bailey)
  A boulder beetle (Lair:1)
  A two-headed ogre (D:7)
  Amaemon (Lair:1)
  Joseph (Lair:1)
  A gargoyle (D:10)
  3 cane toads
  An orange demon (Lair:1)
  A rime drake (Lair:3)
  4 komodo dragons
  An unseen horror (D:10)
  An efreet (Gauntlet)
  A troll (D:8)
  9 polar bears
  Prince Ribbit (Bailey)
  Grinder (D:5)
  A queen bee (D:9)
  6 humans (Bailey)
  3 wyverns
  2 wraiths (D:9)
  2 fire elementals (Gauntlet)
  3 fire bats (Lair:1)
  Eustachio (D:6)
  14 yaks
  2 steam dragons
  2 vampire mosquitoes (D:10)
  Menkaure (D:5)
  3 water moccasins
  2 hell hounds (Gauntlet)
  9 black bears
  4 orc warriors
  2 ice beasts
  An ogre (D:5)
  2 wolves (Lair:1)
  4 centaurs
  3 kobold brigands
  18 bullfrogs
  2 gnoll sergeants
  2 necrophages
  3 scorpions
  16 wights
  23 killer bees (D:9)
  3 howler monkeys (D:9)
  3 jellies
  7 orc priests
  A gnoll bouda (D:7)
  3 hounds
  An iguana (D:5)
  An orc wizard (D:9)
  4 hell rats
  17 gnolls
  15 adders
  A shadow imp (D:8)
  A white imp (D:5)
  2 worms
  6 dart slugs
  32 orcs
  13 ball pythons
  4 endoplasms
  17 giant cockroaches
  8 goblins
  9 hobgoblins
  6 jackals
  20 kobolds
  10 quokkas
  5 bats
  10 frilled lizards
  5 rats
366 creatures vanquished.

Vanquished Creatures (others)
  14 demonic plants (Gauntlet)
  23 fungi
  20 plants
57 creatures vanquished.

Grand Total: 423 creatures vanquished

Notes
Turn   | Place    | Note
-------+----------+-------------------------------------------
     0 | D:1      | freelancePsychic the Demigod Conjurer began the quest for
                  | the Orb.
     0 | D:1      | Reached XP level 1. HP: 14/14 MP: 5/5
   235 | D:1      | Reached XP level 2. HP: 20/20 MP: 2/7
   238 | D:1      | Learned a level 2 spell: Searing Ray
   638 | D:1      | Reached skill level 4 in Conjurations
  1174 | D:1      | Reached XP level 3. HP: 26/26 MP: 2/8
  2070 | D:2      | Reached skill level 1 in Translocations
  2070 | D:2      | Reached XP level 4. HP: 33/33 MP: 5/9
  2180 | D:2      | Learned a level 4 spell: Iskenderun's Mystic Blast
  2883 | D:2      | Found a runed translucent door.
  2884 | D:2      | Noticed Crazy Yiuf
  3007 | D:3      | Found a runed translucent door.
  3515 | D:3      | Reached XP level 5. HP: 38/38 MP: 6/10
  3684 | D:3      | Found a runed translucent door.
  3698 | D:3      | Noticed BlueFish's ghost (amateur TeFE)
  4344 | D:4      | Noticed a black bear
  4366 | D:4      | Identified the +7 arbalest "Kaxyehoi" {flame, *Corrode rF+
                  | rC+ Int+2}
  4518 | D:4      | Noticed a centaur
  4520 | D:4      | Killed a centaur
  4521 | D:4      | Reached skill level 1 in Fighting
  4521 | D:4      | Reached skill level 5 in Conjurations
  4521 | D:4      | Reached XP level 6. HP: 24/47 MP: 11/11
  4609 | D:4      | Found the +3 Mad Mage's Maulers {Infuse+∞ VampMP -Cast}
  4899 | D:5      | Entered Level 5 of the Dungeon
  4929 | D:5      | Found a glowing drain.
  4933 | Sewer    | Entered a sewer
  5257 | D:5      | Noticed Menkaure
  5263 | D:5      | Killed Menkaure
  5264 | D:5      | Reached XP level 7. HP: 30/56 MP: 13/13
  5355 | D:5      | Found a staircase to the Ecumenical Temple.
  5410 | D:5      | Reached skill level 6 in Conjurations
  5440 | D:5      | Noticed Grinder
  5516 | Temple   | Entered the Ecumenical Temple
  5584 | D:5      | Killed Grinder
  5876 | D:5      | Reached XP level 8. HP: 64/66 MP: 10/15
  6548 | D:6      | Reached skill level 1 in Transmutations
  6837 | D:6      | Reached skill level 1 in Ranged Weapons
  6946 | D:6      | Reached skill level 5 in Fighting
  6951 | D:6      | HP: 2/68 [centaur/arrow (8)]
  7466 | D:6      | Noticed Eustachio
  7468 | D:6      | Reached skill level 7 in Conjurations
  7474 | D:6      | Killed Eustachio
  7801 | D:7      | Found Xadicep's Book Shop.
  7930 | D:7      | Reached XP level 9. HP: 65/74 MP: 13/18
  8155 | D:7      | Identified the +3 short sword of Vufemah {freeze, rPois}
  8292 | D:7      | Noticed a two-headed ogre
  8300 | D:7      | Killed a two-headed ogre
  8301 | D:7      | Reached skill level 8 in Conjurations
  9034 | D:8      | Found a flagged portal.
  9035 | D:8      | Identified the +10 short sword "Deskus" {flame, rF+ rCorr}
  9087 | Bailey   | Entered a bailey
  9183 | Bailey   | Learned a level 5 spell: Irradiate
  9334 | Bailey   | Reached XP level 10. HP: 66/84 MP: 13/19
  9344 | Bailey   | Noticed a vault guard
  9405 | Bailey   | Killed a vault guard
  9406 | Bailey   | Reached skill level 9 in Conjurations
  9406 | Bailey   | Reached skill level 5 in Transmutations
  9424 | Bailey   | Noticed Prince Ribbit
  9491 | Bailey   | Killed Prince Ribbit
  9581 | Bailey   | Noticed a vault guard
  9590 | Bailey   | Killed a vault guard
 10219 | D:8      | Identified a scroll of acquirement
 10219 | D:8      | Acquired the Elucidation of the Harmful Sky
 10228 | D:8      | Learned a level 6 spell: Iron Shot
 10536 | D:9      | Reached skill level 1 in Earth Magic
 11310 | D:9      | Noticed a catoblepas
 11323 | D:9      | Found a transporter.
 11323 | D:9      | Found a transporter.
 11327 | D:9      | Identified the ring of the Exceptional God {Contam rElec
                  | rPois rN+ rCorr}
 11327 | D:9      | Noticed Maurice
 11383 | D:9      | Found Curgh's Antique Weapon Boutique.
 11391 | D:9      | Bought a masterwork rapier for 225 gold pieces
 11391 | D:9      | Identified the +8 rapier of Wu Jian, Loving {drain, Str+2}
                  | (You bought it in a shop on level 9 of the Dungeon)
 11838 | D:9      | Reached skill level 10 in Conjurations
 11838 | D:9      | Reached XP level 11. HP: 80/95 MP: 20/20
 12069 | D:9      | Noticed a boulder beetle
 12102 | D:10     | Entered Level 10 of the Dungeon
 12636 | D:10     | Found a staircase to the Lair.
 12801 | D:10     | Noticed Snorg
 12807 | D:10     | Killed Snorg
 13406 | Lair:1   | Entered Level 1 of the Lair of Beasts
 13524 | Lair:1   | Found a gate leading to a gauntlet.
 13534 | Gauntlet | Entered a Gauntlet
 13534 | Gauntlet | Noticed a catoblepas
 13534 | Gauntlet | Found a transporter.
 13534 | Gauntlet | Found a transporter.
 13534 | Gauntlet | Found a transporter.
 13538 | Gauntlet | Found a transporter.
 13538 | Gauntlet | Found a transporter.
 13544 | Gauntlet | Noticed a wizard
 13549 | Gauntlet | Found a transporter.
 13570 | Gauntlet | Found a transporter.
 13572 | Gauntlet | Noticed a wizard
 13590 | Gauntlet | Noticed a tengu warrior
 13592 | Gauntlet | Found a transporter.
 13610 | Gauntlet | Found a transporter.
 13618 | Gauntlet | Found a transporter.
 13636 | Gauntlet | Found a transporter.
 13688 | Gauntlet | Found a transporter.
 13739 | Gauntlet | Reached skill level 5 in Earth Magic
 13898 | Gauntlet | Identified the ring "Faist" {rElec rPois rC++ Will- SInv}
 13932 | Gauntlet | Noticed a minotaur
 13936 | Gauntlet | Identified the +0 leather armour of Grace {MP+9}
 13937 | Gauntlet | Got Dufruib's Tome of Production and Correspondence
 13937 | Gauntlet | Got the Papyrus of Fetid Conflict
 13953 | Lair:1   | Noticed Joseph
 13960 | Lair:1   | Killed Joseph
 14049 | Lair:1   | Reached skill level 11 in Conjurations
 14085 | Lair:1   | Found a dark tunnel.
 14290 | Lair:1   | Noticed Grum
 14292 | Lair:1   | Noticed Amaemon
 14305 | Lair:1   | Noticed a boulder beetle
 14501 | Lair:1   | Killed a boulder beetle
 14502 | Lair:1   | Reached skill level 10 in Fighting
 14646 | Lair:1   | Killed Amaemon
 15458 | Lair:2   | Reached XP level 12. HP: 73/106 MP: 15/21
 15832 | Lair:2   | Found a staircase to the Swamp.
 17204 | Lair:3   | Killed from afar by a rime drake

Illustrated notes

Levels and vault maps discovered:
D:1:      psy_arrival_whirlpool, layout_loops_corners
D:2:      layout_loops_ring, basic_ecumenical_altar, uniq_crazy_yiuf_cottage
D:3:      layout_rooms, ebering_ghost_sewer_f, corexii_corridor_pit
D:4:      layout_loops_ring, lemuel_crystal_altar
D:5:      layout_loops_ring, minmay_temple_entry_arrows, gup_sewer_entry_bowl,
          kennysheep_small_square, uniq_menkaure, uniq_grinder
D:6:      layout_basic, cheibriados_altar_1, nicolae_kite_square_tiling_tiny,
          dk_vineyard_3, grunt_ministairs_9, corexii_checkpoint_b,
          uniq_eustachio
D:7:      layout_loops_ring, serial_shops, shop, minivault_5
D:8:      layout_gridville, serial_glass, glass_columns_b, glass_columns_a,
          glass_columns_a, glass_columns_a, enter_bailey_2
D:9:      gammafunk_the_bubble [the_bubble_gammafunk_split], layout_long_grid,
          gammafunk_temple_overflow_elements,
          nicolae_ru_great_annihilating_truth,
          mainiacjoe_overflow_catwalk_spiral, serial_shops,
          nicolae_shop_crystal, special_room [special_room_bee],
          minmay_misc_feat_tiny, uniq_maurice
D:10:     layout_basic, grunt_lair_entry_orc_guard_hut, uniq_snorg
Temple:   hellmonk_temple_of_storms
Lair:1:   layout_regular_city, portal_ice_cave_entry_pillars_1,
          gauntlet_entry_generic, nicolae_volcano_entry_hallway,
          minmay_lair_oklob_items, nicolae_quartered_pool_impasse, st_stairs_13,
          uniq_joseph, uniq_amaemon, uniq_grum
Lair:2:   beast_lair_carwin_large_4, layout_loops_ring, swamp_mist,
          serial_bayou_pond_c
Lair:3:   hellmonk_ruined_rings, layout_long_grid,
          hellmonk_spider_entry_not_the_bees, special_room
          [special_room_mythical_zoo]

Skill      XL: |  1  2  3  4  5  6  7  8  9 10 11 12 |
---------------+-------------------------------------+-----
Stealth        | 2 3 |  3.7
Spellcasting   | 2 4 |  4.0
Conjurations   | 4 5 6 7 8 10 11 | 11.8
Translocations | 1 2 3 4 |  4.2
Fighting       | 1 2 4 5 6 8 10 | 10.7
Transmutations | 1 4 5 |  5.8
Ranged Weapons | 2 |  2.7
Dodging        | 2 |  2.1
Earth Magic    | 2 6 7 |  7.2

Action                     |  1- 3 |  4- 6 |  7- 9 | 10-12 || total
---------------------------+-------+-------+-------+-------++-------
  Melee: Dagger            |     5 |    33 |       |       ||    38
         Punch             |       |     1 |       |       ||     1
         Demon whip        |       |       |       |    24 ||    24
         Staff             |       |       |       |    10 ||    10
   Fire: Arbalest          |       |    69 |   149 |   185 ||   403
   Cast: Magic Dart        |    23 |       |       |       ||    23
         Searing Ray       |    29 |    37 |     5 |       ||    71
         Iskenderun's Myst |       |       |    38 |    56 ||    94
         Irradiate         |       |       |     2 |    51 ||    53
  Evoke: Wand              |       |       |       |     2 ||     2
    Use: Scroll            |       |     9 |     5 |    13 ||    27
         Potion            |       |       |     6 |     4 ||    10
   Stab: Sleeping          |     1 |     2 |       |     2 ||     5
 Armour: Robe              |     3 |     2 |       |       ||     5
         Leather armour    |       |    17 |    23 |    81 ||   121
  Dodge: Dodged            |    22 |    43 |    67 |   192 ||   324

Table legend: (Time is in decaauts)
 A = Elapsed time spent in this place.
 B = Non-inter-level travel time spent in this place.
 C = Inter-level travel time spent in this place.
 D = Time resting spent in this place.
 E = Time spent auto-exploring this place.
 F = Levels seen in this place.
 G = Mean time per level.
                   A        B        C        D        E       F      G
               +--------+--------+--------+--------+--------+-----+--------+
         Total |  17595 |  17070 |    525 |   1769 |  12496 |  17 | 1035.0 |
       Dungeon |  12598 |  12154 |    444 |    606 |   9749 |  10 | 1259.8 |
        Temple |     56 |     56 |      0 |     52 |      0 |   1 |   56.0 |
          Lair |   3425 |   3344 |     81 |   1058 |   1671 |   3 | 1141.7 |
         Sewer |    368 |    368 |      0 |      0 |    246 |   1 |  368.0 |
        Bailey |    737 |    737 |      0 |     53 |    526 |   1 |  737.0 |
      Gauntlet |    408 |    408 |      0 |      0 |    303 |   1 |  408.0 |
               +--------+--------+--------+--------+--------+-----+--------+

Top non-repeatable levels by time:
  Lair:1: 1868 daAuts
     D:1: 1711 daAuts
  Lair:2: 1466 daAuts
     D:9: 1442 daAuts
     D:2: 1378 daAuts
    D:10: 1338 daAuts
     D:5: 1298 daAuts
     D:7: 1234 daAuts
     D:8: 1155 daAuts
     D:6: 1152 daAuts
     D:4: 1019 daAuts
     D:3: 869 daAuts
  Bailey: 737 daAuts
Gauntlet: 408 daAuts
   Sewer: 368 daAuts
